 Dungeon Crawl Stone Soup version 0.27.1-2-g3b301248ec (webtiles) character file.

Game seed: 231799896184360094

208 worthlessgem the Vexing (level 5, -1/41 HPs)
             Began as a Gnoll Arcane Marksman on Sept 30, 2021.
             Was an Initiate of Ashenzari.
             Succumbed to Ijyb's poison
             ... while paralysed by Ijyb
             ... on level 4 of the Dungeon on Oct 1, 2021.
             The game lasted 00:19:49 (3793 turns).

worthlessgem the Vexing (Gnoll Arcane Marksman)     Turns: 3793, Time: 00:19:50

Health: -1/41      AC:  8    Str:  9    XL:     5   Next: 86%
Magic:  4/9        EV:  2    Int: 21    God:    Ashenzari [......]
Gold:   222        SH:  0    Dex: 13    Spells: 4/10 levels left

rFire    x . .     SeeInvis .   a - +10 dagger "Killer Bee's Foe" {speed, rElec rF- Int+8}
rCold    . . .     Faith    .   (no shield)
rNeg     . . .     Spirit   .   x - +0 leather armour
rPois    .         Reflect  .   n - +2 hat
rElec    +         Harm     .   (no cloak)
rCorr    .         Rampage  .   (no gloves)
Will     .....                  B - +2 pair of boots
Stlth    ++........             C - amulet of the acrobat
HPRegen  0.13/turn              (no ring)
MPRegen  0.11/turn              (no ring)

@: paralysed, lethally poisoned (-1 -> -24)
A: fangs 1, strong nose, distributed training
a: Renounce Religion


You were on level 4 of the Dungeon.
You worshipped Ashenzari.
Ashenzari was noncommittal.
You visited 2 branches of the dungeon, and saw 5 of its levels.

You collected 222 gold pieces.

Inventory:

Hand Weapons
 a - the +10 dagger "Killer Bee's Foe" (weapon) {speed, rElec rF- Int+8}
   (You took it off an orc on level 4 of the Dungeon)

   Attacks with this weapon are significantly faster.
   Int:       It affects your intelligence (+8).
   rF:        It makes you vulnerable to fire.
   rElec:     It insulates you from electricity.
 b - a +0 short sword
 e - a +0 hunting sling
 y - a +1 dagger of flaming
Missiles
 c - 2 throwing nets
 d - 144 stones
 f - 70 arrows
 j - 4 javelins
 o - 52 bolts
 v - 13 boomerangs
 w - 30 sling bullets
Armour
 n - a +2 hat (worn)
 x - a +0 leather armour (worn)
 B - a +2 pair of boots (worn)
Jewellery
 C - an amulet of the acrobat (around neck)
Wands
 h - a wand of digging (5)
 t - a wand of mindburst (11)
Scrolls
 i - 2 scrolls of acquirement
 k - 3 scrolls of identify
 l - a scroll of fog
 m - 2 scrolls of immolation
 p - 2 scrolls of enchant weapon
 q - a scroll of amnesia
Potions
 g - 2 potions of curing
 r - a potion of lignification
 s - 2 potions of flight
 u - a potion of attraction
 z - a potion of berserk rage
 A - a potion of invisibility


   Skills:
 + Level 3.1 Fighting
 + Level 1.6 Short Blades
 + Level 1.6 Long Blades
 + Level 1.6 Axes
 + Level 1.6 Maces & Flails
 + Level 1.6 Polearms
 + Level 1.6 Staves
 + Level 1.6 Slings
 + Level 1.6 Bows
 + Level 1.6 Crossbows
 + Level 4.8 Throwing
 + Level 1.6 Armour
 + Level 4.8 Dodging
 + Level 1.6 Stealth
 + Level 1.6 Shields
 + Level 1.6 Unarmed Combat
 + Level 3.2 Spellcasting
 + Level 1.3 Conjurations
 + Level 5.6 Hexes
 + Level 1.3 Summonings
 + Level 1.3 Necromancy
 + Level 1.3 Translocations
 + Level 1.3 Transmutations
 + Level 1.3 Fire Magic
 + Level 1.3 Ice Magic
 + Level 1.3 Air Magic
 + Level 1.3 Earth Magic
 + Level 1.3 Poison Magic
 + Level 1.9 Invocations
 + Level 1.6 Evocations


You had 4 spell levels left.
You knew the following spells:

 Your Spells              Type           Power      Damage    Failure   Level
a - Corona                Hex            30%        N/A       1%          1
b - Slow                  Hex            27%        N/A       2%          2
c - Inner Flame           Hex/Fire       18%        N/A       13%         3

Your spell library contained the following spells:

 Spells                   Type           Power      Damage    Failure   Level
 Portal Projectile        Hex/Tloc       36%        N/A       13%         3
 Cause Fear               Hex            13%        N/A       17%         4
 Frozen Ramparts          Ice            18%        1d3       30%         3
 Ozocubu's Armour         Ice            9%         N/A       30%         3
 Ice Form                 Ice/Tmut       9%         N/A       71%         4
 Summon Ice Beast         Ice/Summ       9%         N/A       71%         4
 Metabolic Englaciation   Hex/Ice        9%         N/A       75%         5
 Simulacrum               Ice/Necr       4%         N/A       100%        6
 Dragon Form              Tmut           4%         N/A       100%        7
 Dragon's Call            Summ           4%         N/A       100%        9


Dungeon Overview and Level Annotations

Branches:
Dungeon (4/15)             Temple (1/1) D:4

Altars:
Ashenzari
Cheibriados
Gozag
Hepliaklqana
Kikubaaqudgha
Makhleb
Nemelex Xobeh
Qazlal
Trog
Vehumet
Wu Jian
Xom
Yredelemnul
Zin

Annotations:
D:2 Natasha
D:3 1 exclusion, Sigmund
D:4 Ijyb, Menkaure


Innate Abilities, Weirdness & Mutations

You have very sharp teeth.
Your uncanny sense of smell can sniff out nearby items.
Your experience applies equally to all skills.


Message History

You feel very sick.
You feel better.
Ijyb hits you with a +2 dagger of venom.
You are poisoned.
Okay, then.
Okay, then.
You barely miss Ijyb.
Ijyb is moderately wounded.
You feel very sick.
Ijyb hits you with a +2 dagger of venom.
You are lethally poisoned!
Unknown command.
You hit Ijyb but do no damage. You bite Ijyb, but do no damage.
Ijyb is moderately wounded.
* * * LOW HITPOINT WARNING * * *
You feel very sick.
Ijyb zaps a wand.
You resist with some effort.
Unknown command.
You hit Ijyb.
Flame seeps out of Ijyb.
Ijyb is moderately wounded.
* * * LOW HITPOINT WARNING * * *
You feel very sick.
Unknown command.
* * * LOW HITPOINT WARNING * * *
You feel very sick.
Ijyb is engulfed in blazing flames.
Flame seeps out of Ijyb.
Ijyb zaps a wand.
You resist with some effort.
You feel better.
Ijyb is engulfed in blazing flames.
Flame seeps out of Ijyb.
Ijyb zaps a wand.
You suddenly lose the ability to move!
Ijyb is engulfed in blazing flames.
Flame seeps out of Ijyb.
Ijyb hits you but does no damage.
You are lethally poisoned!
* * * LOW HITPOINT WARNING * * *
You feel sick. Ijyb hits you but does no damage.
You are more poisoned.
* * * LOW HITPOINT WARNING * * *
You feel very sick. Ijyb hits you but does no damage.
You are more poisoned.
You die...

######### #.......#
..8.8.8.#### ∆.
...⌠.⌠.....# ###..
..8.>.8....########....
..[⌠[⌠.........?.....#
..8.8.8............#
...................#
...............g@..#
...##########.##..####
....# ...........#
....# #...###)..##
....# #.# ##.### ∆
..[.# #.#. #..#
#.#.##### ....##
..#.##..### #.#......
.....## ..#..#....#
#........ ..##.[#
...#...##.#####........


You could see Ijyb (inner flame).

Vanquished Creatures
  Blork the orc (D:4)
  A hound (D:4)
  An iguana (D:4)
  2 adders (D:3)
  2 worms
  3 orcs (D:4)
  5 endoplasms
  3 giant cockroaches
  8 goblins
  3 hobgoblins
  2 jackals (D:1)
  6 kobolds
  A quokka (D:1)
  5 ball pythons
  11 bats
  2 frilled lizards
  2 rats (D:2)
58 creatures vanquished.

Notes
Turn   | Place    | Note
-------+----------+-------------------------------------------
     0 | D:1      | worthlessgem the Gnoll Arcane Marksman began the quest for
                  | the Orb.
     0 | D:1      | Reached XP level 1. HP: 17/17 MP: 4/4
   421 | D:1      | Reached XP level 2. HP: 18/23 MP: 2/5
   680 | D:1      | Found a faded altar of an unknown god.
  1399 | D:2      | Reached XP level 3. HP: 28/28 MP: 5/7
  1742 | D:2      | Reached skill level 1 in Invocations
  2098 | D:2      | Noticed Natasha
  2254 | D:3      | Learned a level 2 spell: Slow
  2258 | D:3      | Learned a level 3 spell: Inner Flame
  2769 | D:3      | Reached skill level 1 in Short Blades
  2769 | D:3      | Reached skill level 1 in Long Blades
  2769 | D:3      | Reached skill level 1 in Axes
  2769 | D:3      | Reached skill level 1 in Maces & Flails
  2769 | D:3      | Reached skill level 1 in Polearms
  2769 | D:3      | Reached skill level 1 in Staves
  2769 | D:3      | Reached skill level 1 in Slings
  2769 | D:3      | Reached skill level 1 in Bows
  2769 | D:3      | Reached skill level 1 in Crossbows
  2769 | D:3      | Reached skill level 1 in Armour
  2769 | D:3      | Reached skill level 1 in Stealth
  2769 | D:3      | Reached skill level 1 in Shields
  2769 | D:3      | Reached skill level 1 in Unarmed Combat
  2769 | D:3      | Reached skill level 1 in Evocations
  2769 | D:3      | Reached XP level 4. HP: 34/34 MP: 4/8
  2837 | D:3      | Found an opulent altar of Gozag.
  2868 | D:3      | Noticed Sigmund
  3105 | D:4      | Noticed Menkaure
  3192 | D:4      | Reached skill level 1 in Conjurations
  3192 | D:4      | Reached skill level 1 in Summonings
  3192 | D:4      | Reached skill level 1 in Necromancy
  3192 | D:4      | Reached skill level 1 in Translocations
  3192 | D:4      | Reached skill level 1 in Transmutations
  3192 | D:4      | Reached skill level 1 in Fire Magic
  3192 | D:4      | Reached skill level 1 in Ice Magic
  3192 | D:4      | Reached skill level 1 in Air Magic
  3192 | D:4      | Reached skill level 1 in Earth Magic
  3192 | D:4      | Reached skill level 1 in Poison Magic
  3231 | D:4      | Identified the +10 dagger "Killer Bee's Foe" {speed, rElec
                  | rF- Int+8}
  3439 | D:4      | Noticed Blork the orc
  3450 | D:4      | Killed Blork the orc
  3451 | D:4      | Reached XP level 5. HP: 37/41 MP: 2/9
  3520 | D:4      | Found a staircase to the Ecumenical Temple.
  3530 | Temple   | Entered the Ecumenical Temple
  3672 | Temple   | Became a worshipper of Ashenzari the Shackled
  3672 | Temple   | Identified 2 scrolls of acquirement
  3770 | D:4      | Noticed Ijyb
  3788 | D:4      | Paralysed by Ijyb for 7 turns
  3793 | D:4      | Succumbed to Ijyb's poison

Illustrated notes

Levels and vault maps discovered:
D:1:      mrwooster_arrival_statue, layout_basic,
          shapermc_ecumenical_altar_flowoftime
D:2:      layout_basic, uniq_natasha
D:3:      layout_loops_cross, nicolae_gozag_cash_rules_everything_around_me,
          hangedman_decor_push, kennysheep_flooded_box,
          ebering_dispersal_statue_hall, uniq_sigmund
D:4:      layout_rooms, minmay_temple_entry_statues_fountains,
          uniq_blork_the_orc, uniq_ijyb, uniq_menkaure
Temple:   dshaligram_water_room_temple

Skill      XL: |  1  2  3  4 |
---------------+-------------+-----
Invocations    | 1 |  1.9
Short Blades   | 1 |  1.6
Long Blades    | 1 |  1.6
Axes           | 1 |  1.6
Maces & Flails | 1 |  1.6
Polearms       | 1 |  1.6
Staves         | 1 |  1.6
Slings         | 1 |  1.6
Bows           | 1 |  1.6
Crossbows      | 1 |  1.6
Armour         | 1 |  1.6
Stealth        | 1 |  1.6
Shields        | 1 |  1.6
Unarmed Combat | 1 |  1.6
Evocations     | 1 |  1.6
Spellcasting   | 3 |  3.2
Conjurations   | 1 |  1.3
Summonings     | 1 |  1.3
Necromancy     | 1 |  1.3
Translocations | 1 |  1.3
Transmutations | 1 |  1.3
Fire Magic     | 1 |  1.3
Ice Magic      | 1 |  1.3
Air Magic      | 1 |  1.3
Earth Magic    | 1 |  1.3
Poison Magic   | 1 |  1.3
Fighting       | 3 |  3.1
Throwing       | |  4.8
Dodging        | |  4.8
Hexes          | |  5.6

Action                   |  1- 3 |  4- 6 || total
-------------------------+-------+-------++-------
Melee: Unarmed           |    54 |       ||    54
       Bite              |    18 |     4 ||    22
       Mace              |    83 |       ||    83
       Short sword       |    30 |    31 ||    61
       Dagger            |       |    24 ||    24
 Fire: Hunting sling     |       |     4 ||     4
Throw: Stone             |    36 |       ||    36
       Javelin           |     3 |       ||     3
 Cast: Corona            |    59 |    15 ||    74
       Slow              |       |     2 ||     2
       Inner Flame       |       |     4 ||     4
Evoke: Wand              |       |     3 ||     3
  Use: Potion            |       |     2 ||     2
 Stab: Sleeping          |     1 |     1 ||     2
Armor: Robe              |    41 |    10 ||    51
       Leather armour    |       |     3 ||     3
Dodge: Dodged            |   156 |    25 ||   181
